 Dungeon Crawl Stone Soup version 0.29.0-11-gd7f09526c8 (webtiles) character file.

Game seed: 11189127712810604404

879 xian the Cleaver (level 7, -3/94 HPs)
             Began as a Minotaur Berserker on Sept 5, 2022.
             Was a Believer of Trog.
             Splashed by a jelly's acid (5 damage)
             ... on level 5 of the Dungeon.
             The game lasted 00:12:56 (4482 turns).

xian the Cleaver (Minotaur Berserker)               Turns: 4482, Time: 00:12:56

Health: -3/94      AC: 23    Str: 23    XL:     7   Next: 75%
Magic:  6/6        EV:  2    Int:  4    God:    Trog [**....]
Gold:   207        SH:  3    Dex: 10    Spells: 6/6 levels left

rFire   . . .      SeeInvis .   a - +1 hand axe
rCold   . . .      Faith    .   r - +0 buckler
rNeg    . . .      Spirit   .   (body armour currently unavailable)
rPois   +          Reflect  .   (helmet currently unavailable)
rElec   .          Harm     .   (cloak currently unavailable)
rCorr   .          Rampage  .   (gloves currently unavailable)
Will    +....      NoTele   +   (boots currently unavailable)
Stlth   ++........              (no amulet)
HPRegen 0.25/turn               u - ring of willpower
MPRegen 0.10/turn               (no ring)

@: tree-form
A: stationary, stasis, torment immunity, boosted hp, (horns 2), (retaliatory
headbutt)
a: Renounce Religion, Berserk, Trog's Hand


You were on level 5 of the Dungeon.
You worshipped Trog.
Trog was pleased with you.
You were a tree.
You visited 1 branch of the dungeon, and saw 5 of its levels.

You collected 207 gold pieces.

Inventory:

Hand Weapons
 a - a +1 hand axe (weapon)
Missiles
 d - 10 poisoned darts (quivered)
 f - 2 silver javelins
 x - 2 curare-tipped darts
Armour
 l - an orb of mayhem
 r - a +0 buckler (worn)
 y - a +1 chain mail of cold resistance (melded)
Jewellery
 u - a ring of willpower (left branch)
Wands
 t - a wand of charming (2)
Scrolls
 j - 3 scrolls of teleportation
 o - a scroll of poison
 v - a scroll of fog
Potions
 c - a potion of might
 e - 2 potions of invisibility {unknown}
 g - a potion of curing
 h - a potion of berserk rage {unknown}
 i - a potion of haste
 n - a potion of mutation {unknown}
 q - a potion of lignification
 s - a potion of flight {unknown}
 z - a potion of attraction {unknown}


   Skills:
 + Level 6.0 Fighting
 + Level 8.6 Axes
 + Level 0.7 Throwing
 + Level 3.0 Armour
 + Level 3.8 Dodging
 + Level 2.0 Stealth
 + Level 0.9 Shields


You had 6 spell levels left.
You didn't know any spells.
Your spell library was empty.

Dungeon Overview and Level Annotations

Branches:
Dungeon (5/15)
 Temple: D:4-7

Altars:
Cheibriados
Elyvilon


Innate Abilities, Weirdness & Mutations

You are a tree.
Your roots penetrate the ground, keeping you stationary.
You cannot be teleported.
You are immune to unholy pain and torment.
Your maximum health is greatly increased.
Your equipment is partially melded.
((You have a pair of horns on your head.))
((You reflexively headbutt those who attack you in melee.))


Message History

You hit the hound. You block the hound's attack.
The orc priest casts a cantrip, but nothing happens.
The hound barely misses you.
Really quaff the potion of lignification? [Y]es or [N]o only, please.
Really quaff the potion of lignification?
Okay, then.
Unknown command.
You feel better. The hound bites you but does no damage.
The orc priest begins to cast a cantrip, but forgets the words!
The orc priest completely misses you.
You closely miss the orc priest.
The orc priest is severely wounded.
You closely miss the hound.
The hound bites you but does no damage. x2
The orc priest calls upon Beogh to heal the orc priest.
The orc priest is healed somewhat.
The orc priest casts a cantrip, but nothing happens.
The orc priest hits you but does no damage.
You closely miss the orc priest.
The orc priest is heavily wounded.
You completely miss the hound. You hit the jelly.
Your branches burn!
* * * LOW HITPOINT WARNING * * *
The hound bites you but does no damage.
The orc priest hits you but does no damage.
The jelly hits you but does no damage.
You hit the orc priest.
The orc priest is almost dead.
You hit the jelly.
Your branches burn!
* * * LOW HITPOINT WARNING * * *
You hit the hound. The hound bites you but does no damage.
The orc priest calls upon Beogh to heal the orc priest.
The orc priest is healed somewhat.
The hound bites you but does no damage.
The orc priest invokes the aid of Beogh against you.
Beogh smites you!
* * * LOW HITPOINT WARNING * * *
The jelly hits you but does no damage.
You barely miss the orc priest.
The orc priest is heavily wounded.
You hit the jelly.
Your branches burn!
You die...

.#. .# ..##.####. ...
.......... .)#.
......#.. #..
......... ...
##.....## #.#
##oo.....#= #
#.###♣ho.......
###.###.##J.#........
##..........##>.......
#......<..#####.....?.
..........# .##...)
##........# ## ....
#.......... ...
#........### ..
#...#..###


You could see a hound, a jelly and 3 orc priests.

Vanquished Creatures
  The ghost of SlimeGoblin the Ruffian, an amateur TrBe of Trog (D:3)
  Edmund (D:4)
  An ogre (D:4)
  2 scorpions
  A hound (D:4)
  A bullfrog zombie (D:3)
  A centaur skeleton (D:3)
  A bullfrog skeleton (D:3)
  An iguana (D:4)
  6 adders
  A white imp (D:5)
  2 ufetubi (D:4)
  3 worms
  3 dart slugs
  11 orcs
  5 endoplasms
  8 giant cockroaches
  5 goblins
  5 hobgoblins
  3 quokkas
  7 ball pythons
  6 bats
  4 frilled lizards
  5 kobolds
  4 rats
88 creatures vanquished.

Notes
Turn   | Place    | Note
-------+----------+-------------------------------------------
     0 | D:1      | xian the Minotaur Berserker began the quest for the Orb.
     0 | D:1      | Reached XP level 1. HP: 19/19 MP: 0/0
   377 | D:1      | Reached skill level 4 in Axes
   493 | D:1      | Reached XP level 2. HP: 18/27 MP: 1/1
  1071 | D:2      | Found a white marble altar of Elyvilon.
  1168 | D:2      | Reached XP level 3. HP: 19/33 MP: 2/2
  1407 | D:2      | Reached ** piety under Trog
  1661 | D:2      | Reached skill level 5 in Axes
  1965 | D:2      | Reached XP level 4. HP: 40/40 MP: 3/3
  2402 | D:3      | Found a runed translucent gate.
  2403 | D:3      | Found a runed translucent gate.
  2403 | D:3      | Found a runed translucent gate.
  2408 | D:3      | Noticed SlimeGoblin's ghost (amateur TrBe)
  2418 | D:3      | Reached XP level 5. HP: 47/47 MP: 4/4
  2419 | D:3      | Reached skill level 1 in Stealth
  2422 | D:3      | Reached skill level 6 in Axes
  2422 | D:3      | Killed SlimeGoblin's ghost
  2423 | D:3      | Reached skill level 5 in Fighting
  2423 | D:3      | Reached skill level 7 in Axes
  2423 | D:3      | Reached XP level 6. HP: 28/56 MP: 5/5
  2640 | D:3      | Found a snail-covered altar of Cheibriados.
  3449 | D:4      | Noticed Edmund
  3475 | D:4      | Killed Edmund
  3476 | D:4      | Reached XP level 7. HP: 56/61 MP: 6/6
  3758 | D:4      | Reached skill level 8 in Axes
  4441 | D:5      | Entered Level 5 of the Dungeon
  4481 | D:5      | HP: 2/94 [orc priest/divine providence (14)]
  4482 | D:5      | Splashed by a jelly's acid

Illustrated notes

Levels and vault maps discovered:
D:1:      scummos_arrival_gate, layout_basic
D:2:      layout_loops_ring, basic_altar, minmay_shallow_snake_nest
D:3:      layout_basic, cheibrodos_worm_habitat, gammafunk_ghost_necromancy,
          kennysheep_generic_room_16
D:4:      layout_basic, nicolae_eternal_life, uniq_edmund
D:5:      layout_rooms, serial_shops, nicolae_shop_trees, uniq_duvessa,
          uniq_grinder

Skill      XL: |  1  2  3  4  5  6  7 |
---------------+----------------------+-----
Axes           | 4 5 7 8 |  8.6
Fighting       | 4 5 6 |  6.0
Stealth        | 1 2 |  2.0
Dodging        | 3 |  3.8
Armour         | 3 |  3.0
Throwing       | |  0.7
Shields        | |  0.9

Action                   |  1- 3 |  4- 6 |  7- 9 || total
-------------------------+-------+-------+-------++-------
Melee: Hand axe          |    82 |    66 |    54 ||   202
       Headbutt          |    13 |    11 |    10 ||    34
Throw: Dart              |     1 |     6 |       ||     7
Invok: Berserk           |     1 |     3 |     1 ||     5
       Trog's Hand       |       |     2 |       ||     2
  Use: Scroll            |     3 |     2 |     7 ||    12
       Potion            |       |       |     2 ||     2
 Stab: Sleeping          |     2 |       |       ||     2
Armor: Animal skin       |    23 |    11 |       ||    34
       Skin              |       |       |    29 ||    29
       Chain mail        |       |       |    18 ||    18
Dodge: Dodged            |    38 |    38 |    19 ||    95
Block: Buckler           |       |     9 |     8 ||    17
